 Dungeon Crawl Stone Soup version 0.30-a0-371-gad7725a93e (webtiles) character file.

Game seed: 2983991822402659513

615 Aramant the Chopper (level 7, -5/61 HPs)
             Began as a Hill Orc Fighter on Nov 21, 2022.
             Was a Believer of Okawaru.
             Slain by a gnoll
             ... wielding a +0 flail
             ... led by a gnoll bouda
              (8 damage)
             ... on level 5 of the Dungeon.
             The game lasted 00:10:06 (1353 turns).

Aramant the Chopper (Hill Orc Fighter)              Turns: 1353, Time: 00:10:07

Health: -5/61      AC:  9    Str: 21    XL:     7   Next: 45%
Magic:  7/7        EV:  9    Int:  8    God:    Okawaru [**....]
Gold:   95         SH:  4    Dex: 10    Spells: 6/6 levels left

rFire   . . .      SeeInvis .    a - +0 war axe
rCold   . . .      Faith    .    c - +0 buckler
rNeg    . . .      Spirit   .    f - +2 scale mail {Will+}
rPois   .          Reflect  .    (no helmet)
rElec   .          Harm     .    (no cloak)
rCorr   .          Rampage  .    (no gloves)
Will    +....                    (no boots)
Stlth   ..........               (no amulet)
HPRegen 0.30/turn                (no ring)
MPRegen 0.10/turn                (no ring)

@: mighty, marked
A: no striking features
a: Renounce Religion, Heroism


You were on level 5 of the Dungeon.
You worshipped Okawaru.
Okawaru was pleased with you.
You visited 2 branches of the dungeon, and saw 6 of its levels.

You collected 95 gold pieces.

Inventory:

Hand Weapons
 a - a +0 war axe (weapon)
Missiles
 e - a throwing net (quivered)
Armour
 c - a +0 buckler (worn)
 f - a +2 scale mail of willpower (worn)
Wands
 b - a wand of digging (6)
Potions
 g - a potion of attraction


   Skills:
 + Level 5.2 Fighting
 + Level 7.1 Axes
 + Level 5.2 Armour
 + Level 1.1 Dodging
 + Level 0.7 Stealth
 + Level 4.2 Shields


You had 6 spell levels left.
You didn't know any spells.
Your spell library contained the following spells:

 Spells                   Type           Power      Damage    Failure   Level
 Freeze                   Ice            0%         1d3       82%         1


Dungeon Overview and Level Annotations

Branches:
Dungeon (5/15)             Temple (1/1) D:4

Altars:
Ashenzari
Fedhas
Kikubaaqudgha
Okawaru

Annotations:
D:5 Eustachio


Message History

The gnoll hits you with a +0 flail.
* * * LOW HITPOINT WARNING * * *
You slash the orc!
You kill the orc!
Okawaru accepts your kill.
You slash the river rat!
You kill the river rat!
The river rat's corpse disappears in a puff of smoke!
You closely miss the gnoll bouda. You slash the quokka!
You kill the quokka!
The quokka's corpse disappears in a puff of smoke!
You closely miss the gnoll. You block the bat's attack.
You block the gnoll bouda's attack.
Eustachio gestures wildly while chanting.
Eustachio blinks!
An orc comes into view. It is wielding a +0 hand axe.
The gnoll barely misses you.
The gnoll hits you from afar with a +0 spear.
* * * LOW HITPOINT WARNING * * *
The hound bites you but does no damage.
The gnoll hits you from afar with a +0 spear.
* * * LOW HITPOINT WARNING * * *
The gnoll hits you with a +0 flail.
* * * LOW HITPOINT WARNING * * *
The orc barely misses you.
The gnoll bouda hits you with a +0 whip.
* * * LOW HITPOINT WARNING * * *
The gnoll closely misses you.
You slash the gnoll bouda!
You kill the gnoll bouda!
Okawaru accepts your kill.
You hit the gnoll. You completely miss the orc. You slice the hound!!
You kill the hound!
Okawaru accepts your kill. The bat hits you but does no damage.
You block the gnoll's attack. You block the bat's attack.
The gnoll hits you from afar with a +0 spear.
* * * LOW HITPOINT WARNING * * *
The gnoll hits you with a +0 flail!
You die... +#####.##.@...... #.......#.. ....... #.......#.# ..g.... #..##.#.#.# ggg....

#....ยง#...##........
#...................
#........#.#g.......
.....(..)..####g......
#..........##)@)gl.....
#..........@ggobg......
#...........o.r..###.##
#..#......#....###
#.##....##....#
#....###....# ##...
#..### #..# ##.# ## ##


You could see Eustachio, an iguana, 5 gnolls, a river rat (summoned), 2 orcs and
a bat (summoned).

Vanquished Creatures
  Grinder (D:4)
  A black bear (D:4)
  An ogre (D:5)
  A howler monkey (D:4)
  3 hounds
  A gnoll bouda (D:5)
  A jelly (D:4)
  An iguana (D:4)
  2 adders (D:2)
  3 ufetubi
  A dart slug (D:5)
  12 orcs
  An endoplasm (D:2)
  3 goblins
  4 jackals (D:2)
  4 ball pythons
  2 frilled lizards
  A kobold (D:4)
  A rat (D:2)
44 creatures vanquished.

Vanquished Creatures (others)
  57 plants (D:4)
57 creatures vanquished.

Grand Total: 101 creatures vanquished

Notes
Turn   | Place    | Note
-------+----------+-------------------------------------------
     0 | D:1      | Aramant the Hill Orc Fighter began the quest for the Orb.
     0 | D:1      | Reached XP level 1. HP: 19/19 MP: 1/1
    78 | D:2      | Reached skill level 3 in Axes
    78 | D:2      | Reached XP level 2. HP: 27/27 MP: 2/2
   153 | D:2      | Reached XP level 3. HP: 20/33 MP: 3/3
   215 | D:3      | Found a faded altar of an unknown god.
   225 | D:3      | Got Plato's Exposition on Hypothermia
   304 | D:4      | Found a staircase to the Ecumenical Temple.
   310 | Temple   | Entered the Ecumenical Temple
   345 | Temple   | Became a worshipper of Warmaster Okawaru
   401 | D:4      | Found a broken altar of Ashenzari.
   453 | D:4      | Reached skill level 4 in Axes
   453 | D:4      | Reached XP level 4. HP: 16/40 MP: 4/4
   779 | D:4      | Reached XP level 5. HP: 44/46 MP: 5/5
   905 | D:4      | Reached skill level 5 in Axes
  1004 | D:4      | Noticed a black bear
  1007 | D:4      | Noticed Grinder
  1015 | D:4      | Killed a black bear
  1015 | D:4      | Reached * piety under Okawaru
  1016 | D:4      | Reached XP level 6. HP: 29/53 MP: 6/6
  1021 | D:4      | Killed Grinder
  1022 | D:4      | Reached skill level 5 in Fighting
  1022 | D:4      | Reached skill level 6 in Axes
  1022 | D:4      | Reached skill level 5 in Armour
  1022 | D:4      | Reached skill level 1 in Dodging
  1022 | D:4      | Reached XP level 7. HP: 21/61 MP: 7/7
  1175 | D:5      | Entered Level 5 of the Dungeon
  1330 | D:5      | Noticed Eustachio
  1347 | D:5      | Reached ** piety under Okawaru
  1348 | D:5      | Reached skill level 7 in Axes
  1353 | D:5      | HP: 3/61 [gnoll/+0 spear[a gnoll bouda] (3)]
  1353 | D:5      | Slain by a gnoll

Illustrated notes

Levels and vault maps discovered:
D:1:      amcnicky_arrival_wind_blow, layout_loops_ring, serial_shops,
          nicolae_shop_bloodbath_and_beyond, nicolae_shop_crystal, shop,
          shop_statue, shop
D:2:      layout_basic, serial_curves, eino_curves_03, eino_curves_03,
          eino_curves_03, eino_curves_02
D:3:      layout_loops_ring, lemuel_crystal_altar,
          shapermc_ecumenical_altar_rom_forum, hex_tiny
D:4:      layout_basic, mainiacjoe_overflow_catch_the_wave,
          cheibrodos_ashenzari_chains, nicolae_overflow_hidden_temple,
          uniq_grinder
D:5:      dreamdust_elfheim, layout_cave_pools, nemelex_dance_club_becter,
          elyvilon_altar_4, mainiacjoe_overflow_brackets, uniq_eustachio
Temple:   bh_familiar_temple

Skill      XL: |  1  2  3  4  5  6  7 |
---------------+----------------------+-----
Axes           | 3 4 5 6 7 |  7.1
Fighting       | 4 5 |  5.2
Armour         | 4 5 |  5.2
Shields        | 4 |  4.2
Dodging        | 1 |  1.1
Stealth        | |  0.7

Action                   |  1- 3 |  4- 6 |  7- 9 || total
-------------------------+-------+-------+-------++-------
Melee: War axe           |    70 |    69 |    29 ||   168
  Use: Scroll            |     1 |       |     2 ||     3
       Potion            |       |     1 |     2 ||     3
Armor: Scale mail        |    31 |    48 |    23 ||   102
Dodge: Dodged            |    38 |    52 |    28 ||   118
Block: Buckler           |    18 |    17 |    11 ||    46

Table legend: (Time is in decaauts)
 A = Elapsed time spent in this place.
 B = Non-inter-level travel time spent in this place.
 C = Inter-level travel time spent in this place.
 D = Time resting spent in this place.
 E = Time spent auto-exploring this place.
 F = Levels seen in this place.
 G = Mean time per level.
                   A        B        C        D        E       F      G
               +--------+--------+--------+--------+--------+-----+--------+
         Total |   1406 |   1253 |    153 |    423 |    479 |   6 |  234.3 |
       Dungeon |   1356 |   1242 |    114 |    423 |    479 |   5 |  271.2 |
        Temple |     49 |     10 |     39 |      0 |      0 |   1 |   49.0 |
               +--------+--------+--------+--------+--------+-----+--------+

Top non-repeatable levels by time:
     D:4: 868 daAuts
     D:5: 183 daAuts
     D:2: 154 daAuts
     D:3: 78 daAuts
     D:1: 72 daAuts
  Temple: 49 daAuts
